 Dungeon Crawl Stone Soup version 0.29.1-15-g9cfb28693d (webtiles) character file.

Game seed: 7608704756342161721

331 growler the Slasher (level 6, 38/44 HPs)
             Began as a Demonspawn Gladiator on Mar 14, 2023.
             Quit the game on level 6 of the Dungeon.
             The game lasted 00:08:52 (3582 turns).

growler the Slasher (Demonspawn Gladiator)          Turns: 3582, Time: 00:08:53

Health: 38/44      AC:  6    Str: 14    XL:     6   Next: 26%
Magic:  6/6        EV: 12    Int: 12    God:
Gold:   186        SH:  0    Dex: 14    Spells: 5/5 levels left

rFire   . . .      SeeInvis .   a - +0 long sword
rCold   . . .      Faith    .   (no shield)
rNeg    . . .      Spirit   +   b - +0 leather armour
rPois   .          Reflect  .   c - +0 helmet
rElec   .          Harm     .   (no cloak)
rCorr   .          Rampage  .   (no gloves)
Will    .....                   (no boots)
Stlth   +.........              (no amulet)
HPRegen 0.14/turn               (no ring)
MPRegen 0.20/turn               (no ring)

@: no status effects
A: yellow scales 1, powered by pain 1, magic shield, magic regeneration
a: no special abilities


You were on level 6 of the Dungeon.
You visited 1 branch of the dungeon, and saw 6 of its levels.

You collected 186 gold pieces.

Inventory:

Hand Weapons
 a - a +0 long sword (weapon)
Missiles
 d - 3 throwing nets
 e - a javelin
 j - 2 poisoned darts (quivered)
 l - 6 curare-tipped darts
Armour
 b - a +0 leather armour (worn)
 c - a +0 helmet (worn)
Jewellery
 k - a ring of ice
 p - a +6 ring of dexterity
Scrolls
 f - 3 scrolls of teleportation {unknown}
 g - a scroll of magic mapping {unknown}
 m - a scroll of identify {unknown}
 o - a scroll of noise {unknown}
 s - 2 scrolls of enchant armour {unknown}
 v - a scroll of torment {unknown}
Potions
 h - a potion of curing {unknown}
 i - a potion of degeneration {unknown}
 n - a potion of magic
 q - 2 potions of brilliance
 r - a potion of lignification {unknown}
 t - a potion of resistance {unknown}
 u - a potion of mutation {unknown}


   Skills:
 - Level 2.0 Fighting
 + Level 6.5 Long Blades
 - Level 1.7 Throwing
 - Level 2.6 Dodging


You had 5 spell levels left.
You didn't know any spells.
Your spell library contained the following spells:

 Spells                   Type           Power      Damage    Failure   Level
 Foxfire                  Conj/Fire      0%         2x1d4     38%         1
 Ensorcelled Hibernation  Hex/Ice        0%         N/A       54%         2
 Conjure Flame            Conj/Fire      0%         6-21      77%         3
 Inner Flame              Hex/Fire       0%         N/A       77%         3
 Ozocubu's Armour         Ice            0%         N/A       77%         3
 Flame Wave               Conj/Fire      0%         2d4       99%         4
 Hailstorm                Conj/Ice       0%         3d3       99%         4
 Iskenderun's Battlesphe  Conj           0%         2d6       100%        5
 Ozocubu's Refrigeration  Ice            0%         4d7       100%        7


Dungeon Overview and Level Annotations

Branches:
Dungeon (7/15)
 Temple: D:4-7

Altars:

Shops:
D:1 (

Annotations:
D:2 Sigmund


Innate Abilities, Weirdness & Mutations

You are partially covered in yellow scales. (AC +2)
You sometimes gain a little power by taking damage.
When hurt, damage is shared between your health and your magic reserves.
You regenerate magic rapidly.


Message History

The ice beast is heavily wounded.
You hit the ice beast but do no damage.
The ice beast is heavily wounded.
The ice beast closely misses you.
You barely miss the ice beast.
The ice beast is heavily wounded.
The ice beast barely misses you.
You hit the ice beast but do no damage.
The ice beast is heavily wounded.
The ice beast hits you. The ice beast freezes you.
You hit the ice beast but do no damage.
The ice beast is heavily wounded.
The ice beast barely misses you.
You barely miss the ice beast.
The ice beast is heavily wounded.
The ice beast misses you.
You barely miss the ice beast.
The ice beast is heavily wounded.
The ice beast barely misses you.
You barely miss the ice beast.
The ice beast is heavily wounded.
The ice beast hits you but does no damage.
You closely miss the ice beast.
The ice beast is heavily wounded.
The ice beast hits you but does no damage.
The ice beast barely misses you.
You slash the ice beast!
The ice beast is almost dead.
The ice beast hits you but does no damage.
You slash the ice beast!
You kill the ice beast!
You have reached level 6!
Your demonic ancestry asserts itself...
You feel energised by your suffering.
Found a stone staircase leading up.
j - a poisoned dart
j - 2 poisoned darts (gained 1)
v - a scroll labelled XOXTAD AN YWN
Found a stone staircase leading up.
Are you sure you want to abandon this character and quit the game? (Confirm with "yes".)

. #.. .#
#.#..##.# #
#.#.....#.#
#.......#.####
##.#...........
..........<...<
#.............
# #.#@#.#
#.##....#
#......##
#####.###
^.##.# #.##.#
#.#####.##.#
...........#
#.#####.####


There were no monsters in sight!

Vanquished Creatures
  An ice beast (D:6)
  A scorpion (D:3)
  Jessica (D:2)
  Terence (D:2)
  3 gnolls
  4 adders
  A worm (D:2)
  3 bats (D:2)
  4 endoplasms
  2 giant cockroaches (D:1)
  3 goblins
  6 hobgoblins
  7 jackals
  2 quokkas
  5 ball pythons
  3 frilled lizards
  11 kobolds
  4 rats
62 creatures vanquished.

Vanquished Creatures (others)
  9 toadstools (D:2)
9 creatures vanquished.

Grand Total: 71 creatures vanquished

Notes
Turn   | Place    | Note
-------+----------+-------------------------------------------
     0 | D:1      | growler the Demonspawn Gladiator began the quest for the
                  | Orb.
     0 | D:1      | Reached XP level 1. HP: 16/16 MP: 1/1
    29 | D:1      | Reached skill level 3 in Long Blades
   183 | D:1      | Found Xaoh's Weapon Shop.
   202 | D:1      | Gained mutation: You regenerate magic rapidly. [demonic
                  | ancestry]
   202 | D:1      | Reached XP level 2. HP: 22/22 MP: 2/2
   589 | D:1      | Found a faded altar of an unknown god.
  1214 | D:2      | Noticed Sigmund
  1219 | D:1      | Gained mutation: When hurt, damage is shared between your
                  | health and your magic reserves. [demonic ancestry]
  1219 | D:1      | Reached XP level 3. HP: 27/27 MP: 3/3
  1264 | D:2      | Noticed Jessica
  1283 | D:1      | Reached skill level 4 in Long Blades
  1451 | D:2      | Noticed Terence
  1461 | D:2      | Killed Terence
  1462 | D:2      | Reached XP level 4. HP: 20/33 MP: 1/4
  1836 | D:2      | Killed Jessica
  1837 | D:2      | Reached skill level 5 in Long Blades
  2140 | D:2      | Gained mutation: You are partially covered in yellow
                  | scales. (AC +2) [demonic ancestry]
  2140 | D:2      | Reached XP level 5. HP: 37/38 MP: 3/5
  2501 | D:3      | Got the Codex of Lethal Ice
  3351 | D:3      | Reached skill level 6 in Long Blades
  3519 | D:4      | You fall into a shaft and drop 3 floors!
  3555 | D:6      | Noticed an ice beast
  3570 | D:6      | Killed an ice beast
  3571 | D:6      | Gained mutation: You sometimes gain a little power by
                  | taking damage. [demonic ancestry]
  3571 | D:6      | Reached XP level 6. HP: 37/44 MP: 6/6
  3582 | D:6      | Quit the game

Illustrated notes

Levels and vault maps discovered:
D:1:      minmay_arrival_five_plusses, layout_loops_ring, serial_shops,
          nicolae_shop_bloodbath_and_beyond,
          shapermc_ecumenical_altar_notcrosses, minivault_5
D:2:      cheibrodos_fertilizer, layout_rooms, uniq_terence, uniq_jessica,
          uniq_sigmund
D:3:      layout_basic
D:4:      layout_loops_cross, fedhas_ov_isle_minmay,
          gammafunk_temple_overflow_wave, grunt_ministairs_6
D:6:      layout_loops_cross
D:7:      layout_rooms, nemelex_diamond_rough_becter

Skill      XL: |  1  2  3  4  5 |
---------------+----------------+-----
Long Blades    | 3 4 5 6 |  6.5
Fighting       | |  2.0
Throwing       | |  1.7
Dodging        | |  2.6

Action                   |  1- 3 |  4- 6 || total
-------------------------+-------+-------++-------
Melee: Long sword        |    80 |   121 ||   201
Throw: Throwing net      |     1 |       ||     1
       Dart              |       |     2 ||     2
Evoke: Wand              |       |     3 ||     3
  Use: Potion            |       |     3 ||     3
Armor: Leather armour    |    22 |    42 ||    64
Dodge: Dodged            |    53 |    92 ||   145
